 Dungeon Crawl Stone Soup version 0.16.1-5-gaa23807 (console) character file.

25 gw the Magician (level 3, 0/20 HPs)
             Began as a Kobold Wizard on Mar 29, 2015.
             Slain by a worm (3 damage)
             ... on level 2 of the Dungeon.
             The game lasted 00:02:08 (1440 turns).

gw the Magician (Kobold Wizard)                     Turns: 1440, Time: 00:02:08

Health: 0/20       AC:  2    Str:  5    XL:     3   Next: 20%
Magic:  1/8        EV: 14    Int: 17    God:
Gold:   5          SH:  0    Dex: 11    Spells: 2 memorised, 5 levels left

rFire  . . .     SeeInvis .     b - +0 dagger
rCold  . . .     Clarity  .     a - +0 robe
rNeg   . . .     SustAb   .     (no shield)
rPois  .         Gourm    .     h - +0 hat
rElec  .         Spirit   .     (no cloak)
rCorr  .         Warding  .     (no gloves)
rMut   .         Stasis   .     (no boots)
MR     .....                    (no amulet)
Stlth  ++........               (no ring)
                                j - -3 ring of dexterity (curse)

@: not resistant to hostile enchantments, unstealthy
A: carnivore 3
a: no special abilities


You were on level 2 of the Dungeon.
You were completely stuffed.

You visited 1 branch of the dungeon, and saw 2 of its levels.

You collected 5 gold pieces.

Inventory:

Hand weapons
 b - a +0 dagger (weapon)
Missiles
 k - 17 stones (quivered)
Armour
 a - a +0 robe (worn)
 h - a +0 hat (worn)
Jewellery
 j - a cursed -3 ring of dexterity (left hand)
Scrolls
 f - 3 scrolls of identify {unknown}
 g - 3 scrolls of remove curse {unknown}
Potions
 e - a potion of brilliance {unknown}
 i - a potion of heal wounds {unknown}
 l - a potion of cure mutation {unknown}
Books
 c - a book of Minor Magic

   Spells                             Type                      Level
   a - Magic Dart                     Conjuration                  1
   b - Blink                          Translocation                2
   c - Call Imp                       Summoning                    2
   d - Repel Missiles                 Charms/Air                   2
   e - Slow                           Hexes                        2
   f - Conjure Flame                  Conjuration/Fire             3
   g - Mephitic Cloud                 Conjuration/Poison/Air       3
Comestibles
 d - 2 meat rations


   Skills:
 + Level 1.5 Fighting
 + Level 1.0 Short Blades
 + Level 2.6 Dodging
 - Level 2.6 Stealth
 + Level 3.2 Spellcasting
 - Level 0.8 Conjurations
 * Level 1.5 Summonings
   Level 1.0 Translocations


You had 5 spell levels left.
You knew the following spells:

 Your Spells              Type           Power        Failure   Level  Hunger
a - Magic Dart            Conj           #...         14%         1    None
b - Call Imp              Summ           #.......     17%         2    ##.....


Dungeon Overview and Level Annotations

Branches:
Dungeon (2/15)

Altars:
Kikubaaqudgha


Innate Abilities, Weirdness & Mutations

You are small and have problems with some larger weapons.
You are carnivorous and can eat meat at any time.


Message History

Your magical contamination has completely faded away.
KIIIITING; MOVING TO (0,-1)
The worm bites you.
KIIIITING; MOVING TO (1,0) KIIIITING; MOVING TO (0,1)
You hit the worm.
The worm is almost dead.
The worm bites you!
KIIIITING; MOVING TO (1,1) KIIIITING; MOVING TO (0,1)
A jackal comes into view.
MOVING TO (-1,0)
The jackal barks!
MOVING TO (0,-1)
The worm bites you.
MOVING TO (-1,0) 2 jackals and a hobgoblin come into view.
The jackal barks!
The worm bites you.
You die...

.......###...###......
.......# #...# #....[..
.......# #...# #........
.......# #..(# #.........
.......###...###(........
.......#...$.(...........
...#####......(.....(.....
..### #.........w....##..
....#...........K....#
#...#...#............#
#.._# ..#......h.....#
##### #............# #
#............# #
..g(........# .
....h......# . ...h...###
# ....


You could see a worm, 3 jackals and a hobgoblin.

Table legend:
 A = Turns spent in this place as a percentage of turns spent in the entire game.
 B = Non-inter-level travel turns spent in this place as a percentage of non-inter-level travel turns spent in the entire game.
 C = Inter-level travel turns spent in this place as a percentage of turns spent in this place.
 D = Turns resting spent in this place as a percentage of non-inter-level travel turns spent in this place.
 E = Turns spent auto-exploring this place as a percentage of non-inter-level travel turns spent in this place.
 F = Non-inter-level travel turns spent in this place divided by the number of levels of this place that you've seen.
                   A       B       C       D       E      F
               +-------+-------+-------+-------+-------+----------------------
         Total | 100.0 | 100.0 |   1.3 |   3.6 |   2.4 | 659.0
       Dungeon | 100.0 | 100.0 |   1.3 |   3.6 |   2.4 | 659.0
               +-------+-------+-------+-------+-------+----------------------

Table legend:
 A = Kills in this place as a percentage of kills in entire the game.
 B = Kills by you in this place as a percentage of kills by you in the entire game.
 C = Kills by friends in this place as a percentage of kills by friends in the entire game.
 D = Other kills in this place as a percentage of other kills in the entire game.
 E = Experience gained in this place as a percentage of experience gained in the entire game.
 F = Experience gained in this place divided by the number of levels of this place that you have seen.
                   A       B       C       D       E      F
               +-------+-------+-------+-------+-------+----------------------
         Total | 100.0 | 100.0 | 100.0 |  -nan | 100.0 |  18.5
       Dungeon | 100.0 | 100.0 | 100.0 |  -nan | 100.0 |  18.5
               +-------+-------+-------+-------+-------+----------------------

Vanquished Creatures
  A giant gecko (D:1)
  2 hobgoblins (D:1)
  2 kobolds (D:1)
  2 bats
  A giant cockroach (D:1)
  A giant newt (D:1)
  4 goblins (D:1)
  3 rats (D:1)
16 creatures vanquished.

Vanquished Creatures (collateral kills)
  An adder (D:2)
1 creature vanquished.

Grand Total: 17 creatures vanquished

Notes
Turn   | Place    | Note
--------------------------------------------------------------
     0 | D:1      | gw, the Kobold Wizard, began the quest for the Orb.
     0 | D:1      | Reached XP level 1. HP: 10/10 MP: 4/4
   272 | D:1      | Reached skill level 1 in Fighting
   332 | D:1      | Reached XP level 2. HP: 16/16 MP: 1/6
   380 | D:1      | Learned a level 2 spell: Call Imp
  1102 | D:1      | You fall through a shaft!
  1105 | D:2      | Found an ancient bone altar of Kikubaaqudgha.
  1134 | D:2      | Reached skill level 1 in Short Blades
  1134 | D:2      | Reached XP level 3. HP: 7/20 MP: 0/8
  1440 | D:2      | Slain by a worm

Action                   || total
-------------------------++-------
Melee: Club              ||     2
       Dagger            ||    14
Throw: Stone             ||     5
 Cast: Magic Dart        ||    56
       Call Imp          ||     1
  Eat: Chunk             ||    10

Vault maps used:
D:1:      minmay_arrival_arboretum_small, patterned_corridor
D:2:      nicolae_overflow_quartered_altars, baited_tele_trap, uniq_jessica
